 Dungeon Crawl Stone Soup version 0.17-a0-1846-g2561f35 (webtiles) character file.

76 Geeful the Insei (level 4, -2/32 HPs)
             Began as a Human Wanderer on Sept 17, 2015.
             Slain by Grinder (5 damage)
             ... while paralysed by Grinder
             ... on level 3 of the Dungeon.
             The game lasted 00:05:52 (1913 turns).

Geeful the Insei (Human Wanderer)                   Turns: 1913, Time: 00:05:52

Health: -2/32      AC:  7    Str: 13      XL:     4   Next: 57%
Magic:  4/4        EV:  2    Int:  9 (12) God:
Gold:   93         SH:  0    Dex: 13      Spells: 0 memorised, 3 levels left

rFire  + . .     SeeInvis .       - Unarmed
rCold  . . .     Clarity  .     d - +0 ring mail
rNeg   . . .     SustAt   .     (no shield)
rPois  .         Gourm    .     (no helmet)
rElec  .         Spirit   .     (no cloak)
rCorr  .         Warding  .     (no gloves)
rMut   .         Stasis   .     h - +1 pair of boots
MR     .....                    p - amulet of rage
Stlth  +.........               k - +3 ring of evasion
                                a - ring of protection from fire

@: paralysed, not resistant to hostile enchantments, very unstealthy
A: no striking features
a: Evoke Berserk Rage


You were on level 3 of the Dungeon.
You were not hungry.

You visited 1 branch of the dungeon, and saw 3 of its levels.

You collected 93 gold pieces.

Inventory:

Missiles
 b - 4 throwing nets (quivered)
Armour
 d - a +0 ring mail (worn)
 h - a +1 pair of boots (worn)
Jewellery
 a - a ring of protection from fire (left hand)
 k - a +3 ring of evasion (right hand)
 o - an uncursed amulet of stasis
 p - an amulet of rage (around neck)
Scrolls
 j - a scroll of amnesia {unknown}
Potions
 f - a potion of brilliance {unknown}
 g - 2 potions of mutation {unknown}
 l - a potion of poison {unknown}
 m - a potion of cancellation {unknown}
 n - a potion of curing {unknown}
 q - a potion of haste {unknown}
Comestibles
 c - 3 meat rations
 e - 4 bread rations
 i - 3 fruits


   Skills:
 - Level 1.0 Fighting
   Level 1.0 Short Blades
 - Level 2.0 Throwing
 - Level 3.0 Armour
 - Level 2.0 Dodging
 - Level 1.0 Stealth
 + Level 3.8 Unarmed Combat


You had 3 spell levels left.
You didn't know any spells.

Dungeon Overview and Level Annotations

Branches:
Dungeon (3/15)

Altars:

Annotations:
D:3 Grinder


Message History

Level annotation: Grinder
There is a stone staircase leading up here.
Grinder gestures.
Grinder blinks!
There is a stone staircase leading up here.
You start waiting.
A rat comes into view.
Grinder gestures at you.
You suddenly lose the ability to move!
Grinder gestures at you. Pain shoots through your body! Grinder hits you!
You writhe in agony.
Grinder hits you!
* * * LOW HITPOINT WARNING * * *
Grinder hits you.
* * * LOW HITPOINT WARNING * * *
You writhe in agony.
* * * LOW HITPOINT WARNING * * *
The rat bites you but does no damage. Grinder hits you.
You die...

##.#.##..##.# #......#######
#.#.###.##.# #.............
#.#.# #.##.# #......5.>....
#.#.###..#.####.............
#.........+......##.....
#.##...####......+ ...%
#.#......<#......# ...
#......r5........# ..
###....@##..#'#### .
###...##..#.#
........#####.#
######>.......# ##########


You could see Grinder and a rat.

Vanquished Creatures
  2 adders
  An ooze (D:1)
  A worm (D:3)
  3 giant geckos
  4 giant cockroaches
  4 goblins
  4 hobgoblins
  4 jackals (D:3)
  7 kobolds
  2 quokkas
  2 ball pythons (D:2)
  4 bats
  2 giant newts
  8 rats
48 creatures vanquished.

Notes
Turn   | Place    | Note
--------------------------------------------------------------
     0 | D:1      | Geeful the Human Wanderer began the quest for the Orb.
     0 | D:1      | Geeful set off with: a +0 leather armour, 4 throwing nets, a +0 short sword, a +0 ring mail, a bread ration
     0 | D:1      | Reached XP level 1. HP: 15/15 MP: 1/1
    27 | D:1      | Reached skill level 1 in Unarmed Combat
    43 | D:1      | Reached XP level 2. HP: 18/21 MP: 2/2
   471 | D:1      | Reached XP level 3. HP: 26/26 MP: 3/3
  1362 | D:2      | Reached XP level 4. HP: 32/32 MP: 4/4
  1871 | D:3      | Noticed Grinder
  1907 | D:3      | Paralysed by Grinder for 7 turns
  1913 | D:3      | Slain by Grinder

Vault maps used:
D:1:      dpeg_arrival_simpleton_b
D:3:      first_bread, uniq_grinder

Action                   |  1- 3 |  4- 6 || total
-------------------------+-------+-------++-------
Melee: Unarmed           |   184 |   122 ||   306
  Use: Scroll            |     1 |     3 ||     4
       Potion            |     1 |       ||     1
  Eat: Chunk             |     1 |     3 ||     4
